 Dungeon Crawl Stone Soup version 0.31.0-11-ge490571c62 (webtiles) character file.

Game seed: 2987378346774098164

1853 qw the Skirmisher (level 8, -6/46 HPs)
             Began as a Deep Elf Hunter on Feb 3, 2024.
             Was a Follower of Okawaru.
             Mangled by an orc warrior
             ... wielding a +0 war axe
              (10 damage)
             ... on level 6 of the Dungeon.
             The game lasted 00:01:46 (6111 turns).

qw the Skirmisher (Deep Elf Hunter)                 Turns: 6111, Time: 00:01:47

Health: -6/46      AC:  9    Str:  5    XL:     8   Next: 89%
Magic:  10/10      EV: 10    Int: 15    God:    Okawaru [*.....]
Gold:   81         SH:  5    Dex: 18    Spells: 7/7 levels left

rFire   . . .        g - +2 shortbow (flame)
rCold   . . .        (shield currently unavailable)
rNeg    . . .        m - +2 ring mail "Noucked" {rElec rPois Str-5 Stlth+}
rPois   +            k - +0 helmet
rElec   +            (no cloak)
rCorr   .            (no gloves)
SInv    .            i - +0 pair of boots
Will    .....        e - amulet of reflection
Stlth   ++           (no ring)
HPRegen 0.27/turn    (no ring)
MPRegen 0.12/turn

%: reflection
@: no status effects
A: no striking features
a: Renounce Religion, Heroism


You were on level 6 of the Dungeon.
You worshipped Okawaru.
Okawaru was aware of your devotion.
You visited 1 branch of the dungeon, and saw 6 of its levels.
You also visited: Ossuary.

You collected 235 gold pieces.
You spent 154 gold pieces at shops.


   Skills:
 + Level 3.3 Fighting
 - Level 14.0 Ranged Weapons
 - Level 2.0 Armour
 - Level 4.2 Dodging
 - Level 1.2 Stealth
 + Level 0.3 Invocations


You had 7 spell levels left.
You didn't know any spells.
Your spell library was empty.

Inventory:

Hand Weapons
 g - a +2 shortbow of flaming (weapon)
Armour
 i - a +0 pair of boots (worn)
 k - a +0 helmet (worn)
 m - the +2 ring mail "Noucked" (worn) {rElec rPois Str-5 Stlth+}
   (You found it on level 3 of the Dungeon)

   Str-5:     It affects your strength (-5).
   rElec:     It insulates you from electricity.
   rPois:     It protects you from poison Stlth+: It makes you more stealthy.
Jewellery
 e - an amulet of reflection (around neck)
Wands
 l - a wand of flame (13)
Scrolls
 c - 2 scrolls of torment {unknown}
Potions
 b - a potion of haste
 d - 4 potions of curing
 f - 6 potions of might
 o - 3 potions of brilliance {unknown}

Dungeon Overview and Level Annotations

Branches:
Dungeon (6/15)             Temple (0/1) D:6         Ossuary (visited)

Altars:
Gozag
Okawaru
Yredelemnul

Shops:
D:3 (=!   D:4 *   D:5 [

Annotations:
D:4 exclusion: moth of wrath


Message History

Okawaru accepts your kill.
You hear a shout!
An orc warrior comes into view. It is wielding a +0 war axe.
You shoot an arrow.
The arrow hits the orc warrior but does no damage.
You shoot an arrow.
The arrow hits the orc warrior but does no damage.
You shoot an arrow.
The arrow hits the orc warrior but does no damage.
The orc warrior closely misses you.
You shoot an arrow.
The arrow barely misses the orc warrior.
The orc warrior hits you with a +0 war axe.
You shoot an arrow. The arrow hits the orc warrior.
The arrow burns the orc warrior.
The orc warrior is lightly wounded.
The orc warrior hits you with a +0 war axe!
You shoot an arrow.
The arrow hits the orc warrior but does no damage.
The orc warrior is lightly wounded.
The orc warrior hits you with a +0 war axe!
You shoot an arrow.
The arrow completely misses the orc warrior.
The orc warrior hits you but does no damage.
You shoot an arrow.
The arrow hits the orc warrior but does no damage.
The orc warrior is lightly wounded.
The orc warrior barely misses you.
You shoot an arrow.
The arrow closely misses the orc warrior.
The orc warrior hits you with a +0 war axe!
You shoot an arrow. The arrow hits the orc warrior.
The arrow burns the orc warrior.
The orc warrior is moderately wounded.
The orc warrior hits you with a +0 war axe.
You shoot an arrow. The arrow hits the orc warrior.
The arrow burns the orc warrior.
The orc warrior is heavily wounded.
The orc warrior hits you with a +0 war axe!
You die...

#.# ... #.# +#
# #.# # ###.##
# #....#### #
#.#..#.. #
#.#..#.# . # #
#..#.######...#
#
#...<.o@)).....
#
##.#.#######.##
# #.#.# #.#..
..#### ### ####
....


You could see an orc warrior.

Vanquished Creatures
  Sigmund (D:3)
  A steam dragon (D:6)
  An ice beast (D:5)
  A sky beast (D:6)
  A centaur (D:6)
  A phantom (D:5)
  A kobold brigand (D:4)
  5 scorpions
  A centaur zombie (Ossuary)
  3 hounds
  2 human zombies (Ossuary)
  2 bombardier beetles
  A jelly (D:6)
  4 orc priests
  A sleepcap (D:6)
  Ijyb (D:3)
  Terence (D:3)
  5 scorpion zombies (Ossuary)
  2 orc wizards
  3 mummies (Ossuary)
  Robin (D:3)
  2 adders (D:2)
  2 gnolls (D:1)
  2 ufetubi (D:5)
  3 adder zombies (Ossuary)
  A ribbon worm (D:4)
  3 dart slugs
  10 orcs
  7 ball pythons
  3 bats
  7 endoplasms
  5 giant cockroaches
  4 gnoll zombies (Ossuary)
  10 goblins
  12 hobgoblins
  11 jackals
  5 quokkas
  A ball python zombie (Ossuary)
  2 frilled lizards
  A jackal zombie (Ossuary)
  12 kobolds
  4 orc zombies (Ossuary)
  2 rats (D:1)
148 creatures vanquished.

Notes
Turn   | Place    | Note
-------+----------+-------------------------------------------
     0 | D:1      | qw the Deep Elf Hunter began the quest for the Orb.
     0 | D:1      | Reached XP level 1. HP: 12/12 MP: 3/3
     0 | D:1      | 0 ||| qw: Version: 0.3-a-155-g5e7d8dd
     0 | D:1      | 0 ||| qw: Game counter: 3469
     0 | D:1      | 0 ||| qw: Melee chars always use a shield: true
     0 | D:1      | 0 ||| qw: God list: Okawaru
     0 | D:1      | 0 ||| qw: Allow faded altars: false
     0 | D:1      | 0 ||| qw: Do Orc after clearing Dungeon:15 true
     0 | D:1      | 0 ||| qw: Do second Lair branch before Depths: true
     0 | D:1      | 0 ||| qw: Lair rune preference: random
     0 | D:1      | 0 ||| qw: Goals: Normal
     0 | D:1      | 0 ||| PLANNING D:1-11
   110 | D:1      | Reached XP level 2. HP: 16/16 MP: 4/4
   121 | D:1      | Reached skill level 6 in Ranged Weapons
   261 | D:1      | You fall into a shaft and drop 1 floor!
   296 | D:2      | Reached XP level 3. HP: 20/20 MP: 5/5
   404 | D:2      | Reached skill level 7 in Ranged Weapons
   525 | D:2      | Identified the +6 spear of Popular Demand {protect, rC+}
   629 | D:2      | 629 ||| UPGRADING to +0 ring mail.
   639 | D:2      | 639 ||| DROPPING +0 leather armour.
   640 | D:2      | 640 ||| UPGRADING to +0 pair of boots.
   645 | D:2      | 645 ||| UPGRADING to amulet of the acrobat.
   650 | D:2      | 650 ||| READING scroll labelled PIXUNURPHITH.
   651 | D:2      | 651 ||| READING scroll labelled IXASAJ TUDU.
   651 | D:2      | 651 ||| IDENTIFYING golden potion
   652 | D:2      | 652 ||| DROPPING scroll of butterflies.
   747 | D:1      | Found a faded altar of an unknown god.
  1006 | D:1      | Reached XP level 4. HP: 8/25 MP: 6/6
  1114 | D:1      | 1114 ||| READING scroll labelled ZOKLUUMYNG.
  1115 | D:1      | 1115 ||| READING scroll labelled KAUNUKH KOEDEN.
  1116 | D:1      | 1116 ||| READING scroll labelled ONGOANAHIWN.
  1749 | D:3      | Found Wyck's Antique Weapon Shoppe.
  1920 | D:3      | Noticed Robin
  1924 | D:3      | Killed Robin
  1925 | D:3      | Reached skill level 8 in Ranged Weapons
  1931 | D:3      | 1931 ||| FLEEEEING.
  1932 | D:3      | 1932 ||| FLEEEEING.
  1933 | D:3      | 1933 ||| FLEEEEING.
  1934 | D:3      | 1934 ||| FLEEEEING.
  1935 | D:3      | 1935 ||| FLEEEEING.
  1936 | D:3      | 1936 ||| FLEEEEING.
  1937 | D:3      | 1937 ||| FLEEEEING.
  1938 | D:3      | 1938 ||| FLEEEEING.
  1939 | D:3      | 1939 ||| FLEEEEING.
  1940 | D:3      | 1940 ||| FLEEEEING.
  1941 | D:3      | 1941 ||| FLEEEEING.
  2018 | D:3      | Noticed Sigmund
  2025 | D:3      | Killed Sigmund
  2026 | D:3      | Reached skill level 9 in Ranged Weapons
  2026 | D:3      | Reached XP level 5. HP: 27/29 MP: 7/7
  2026 | D:3      | Reached XP level 6. HP: 32/34 MP: 8/8
  2099 | D:3      | Found Enlall's Distillery.
  2105 | D:3      | 2105 ||| BUYING 2 potions of might (96 gold).
  2105 | D:3      | Bought 2 potions of might for 96 gold pieces
  2105 | D:3      | 2105 ||| BUYING potion of curing (36 gold).
  2105 | D:3      | Bought a potion of curing for 36 gold pieces
  2105 | D:3      | 2105 ||| SHOPLISTING potion of curing (36 gold, have 14).
  2105 | D:3      | 2105 ||| SHOPLISTING potion of enlightenment (60 gold, have
                  | 14).
  2105 | D:3      | 2105 ||| SHOPLISTING potion of might (48 gold, have 14).
  2105 | D:3      | 2105 ||| SHOPLISTING potion of mutation (96 gold, have 14).
  2105 | D:3      | 2105 ||| SHOPLISTING potion of resistance (120 gold, have
                  | 14).
  2130 | D:3      | Found Zuorin's Jewellery Shop.
  2134 | D:3      | 2134 ||| SHOPLISTING +4 ring of protection (396 gold, have
                  | 14).
  2134 | D:3      | 2134 ||| SHOPLISTING +4 ring of slaying (858 gold, have
                  | 14).
  2134 | D:3      | 2134 ||| SHOPLISTING +5 ring of evasion (396 gold, have
                  | 14).
  2134 | D:3      | 2134 ||| SHOPLISTING amulet "Morivvan" {Faith Will++ Int-4
                  | Dex+4} (671 gold, have 14).
  2134 | D:3      | 2134 ||| SHOPLISTING amulet of regeneration (330 gold, have
                  | 14).
  2134 | D:3      | 2134 ||| SHOPLISTING ring of willpower (275 gold, have 14).
  2181 | D:3      | Noticed Terence
  2185 | D:3      | Killed Terence
  2186 | D:3      | 2186 ||| DRINKING potion of curing.
  2186 | D:3      | 2186 ||| (to cure confusion)
  2268 | D:3      | Identified the +2 ring mail "Noucked" {rElec rPois Str-5
                  | Stlth+}
  2268 | D:3      | Noticed Ijyb
  2270 | D:3      | 2270 ||| FLEEEEING.
  2271 | D:3      | 2271 ||| FLEEEEING.
  2272 | D:3      | 2272 ||| FLEEEEING.
  2273 | D:3      | 2273 ||| FLEEEEING.
  2274 | D:3      | 2274 ||| FLEEEEING.
  2275 | D:3      | 2275 ||| FLEEEEING.
  2276 | D:3      | 2276 ||| FLEEEEING.
  2277 | D:3      | 2277 ||| FLEEEEING.
  2278 | D:3      | 2278 ||| FLEEEEING.
  2279 | D:3      | 2279 ||| FLEEEEING.
  2291 | D:3      | Killed Ijyb
  2292 | D:3      | Reached skill level 10 in Ranged Weapons
  2485 | D:3      | Reached skill level 3 in Dodging
  2779 | D:3      | 2779 ||| UPGRADING to +0 helmet.
  2784 | D:3      | 2784 ||| UPGRADING to +2 ring mail "Noucked" {rElec rPois
                  | Str-5 Stlth+}.
  2794 | D:3      | 2794 ||| DROPPING +0 ring mail.
  2795 | D:3      | 2795 ||| READING 2 scrolls of identify.
  2795 | D:3      | 2795 ||| IDENTIFYING metallic golden potion
  2796 | D:3      | 2796 ||| READING scroll of identify.
  2796 | D:3      | 2796 ||| IDENTIFYING sedimented inky potion
  2797 | D:3      | 2797 ||| READING scroll labelled KIOCRO PONIP.
  2797 | D:3      | 2797 ||| ENCHANTING +0 shortbow.
  2798 | D:3      | 2798 ||| READING scroll labelled APTOT OCKOREP.
  2899 | D:3      | 2899 ||| DROPPING potion of berserk rage.
  2928 | D:4      | 2928 ||| PLANNING OSSUARY
  2997 | D:4      | Found Zeoshuzimi's General Store.
  3003 | D:4      | 3003 ||| SHOPLISTING 2 potions of curing (66 gold, have
                  | 38).
  3003 | D:4      | 3003 ||| BUYING scroll of identify (22 gold).
  3003 | D:4      | Bought a scroll of identify for 22 gold pieces
  3056 | D:4      | Found a sand-covered staircase.
  3057 | D:4      | 3057 ||| READING scroll of identify.
  3057 | D:4      | 3057 ||| IDENTIFYING grey potion
  3058 | D:4      | 3058 ||| READING scroll labelled QEICZA IBBUGH.
  3059 | D:4      | 3059 ||| DROPPING potion of attraction.
  3064 | Ossuary  | Entered an ossuary
  3104 | Ossuary  | Reached skill level 1 in Armour
  3137 | Ossuary  | HP: 7/35 [scorpion (6)]
  3138 | Ossuary  | 3138 ||| DRINKING potion of heal wounds.
  3145 | Ossuary  | Reached XP level 7. HP: 26/40 MP: 9/9
  3260 | Ossuary  | Reached skill level 11 in Ranged Weapons
  3602 | Ossuary  | Reached skill level 12 in Ranged Weapons
  3632 | Ossuary  | 3632 ||| READING scroll of identify.
  3632 | Ossuary  | 3632 ||| IDENTIFYING metallic cyan potion
  3633 | Ossuary  | 3633 ||| READING 3 scrolls labelled ROTUFI QIVYO.
  3638 | Ossuary  | 3638 ||| READING scroll labelled RONTAH LATZIAL.
  3639 | Ossuary  | 3639 ||| DRINKING 2 inky potions.
  3640 | Ossuary  | 3640 ||| DROPPING potion of ambrosia.
  3663 | D:4      | 3663 ||| PLANNING D:1-11
  3749 | D:4      | HP: 10/40 [scorpion (5)]
  3750 | D:4      | 3750 ||| READING 2 scrolls of teleportation.
  3751 | D:4      | 3751 ||| DRINKING potion of heal wounds.
  3754 | D:4      | Reached skill level 3 in Fighting
  3754 | D:4      | Reached XP level 8. HP: 25/46 MP: 10/10
  4000 | D:4      | Noticed a moth of wrath
  4106 | D:4      | Found a basalt altar of Yredelemnul.
  4106 | D:4      | Found an opulent altar of Gozag.
  4140 | D:5      | Entered Level 5 of the Dungeon
  4141 | D:5      | 4141 ||| STAIRDANCE
  4145 | D:5      | 4145 ||| STAIRDANCE
  4172 | D:5      | 4172 ||| STAIRDANCE
  4223 | D:5      | 4223 ||| STAIRDANCE
  4228 | D:5      | 4228 ||| STAIRDANCE
  4664 | D:5      | Found Joxkorr's Antique Armour Emporium.
  4673 | D:5      | 4673 ||| SHOPLISTING cloak (99 gold, have 76).
  4673 | D:5      | 4673 ||| SHOPLISTING pair of gloves (99 gold, have 76).
  4809 | D:5      | Reached skill level 13 in Ranged Weapons
  4853 | D:5      | Found an iron altar of Okawaru.
  4854 | D:5      | 4854 ||| PLANNING OKAWARU WORSHIP
  4874 | D:5      | HP: 7/46 [ice beast (7)]
  4875 | D:5      | 4875 ||| READING 2 scrolls of teleportation.
  5019 | D:5      | 5019 ||| READING scroll of identify.
  5019 | D:5      | 5019 ||| IDENTIFYING fuming black potion
  5020 | D:5      | 5020 ||| DROPPING potion of lignification.
  5216 | D:5      | Became a worshipper of Warmaster Okawaru
  5217 | D:5      | 5217 ||| PLANNING D:1-11
  5392 | D:5      | 5392 ||| UPGRADING to amulet of reflection.
  5402 | D:5      | 5402 ||| DROPPING amulet of the acrobat.
  5403 | D:5      | 5403 ||| READING scroll labelled ANELLIEFUER.
  5488 | D:6      | HP: 6/46 [centaur/arrow (7)]
  5489 | D:6      | 5489 ||| READING scroll of teleportation.
  5810 | D:6      | 5810 ||| READING scroll of enchant weapon.
  5810 | D:6      | 5810 ||| ENCHANTING +1 shortbow.
  5889 | D:6      | Found a staircase to the Ecumenical Temple.
  5901 | D:6      | Reached skill level 14 in Ranged Weapons
  5960 | D:6      | 5960 ||| SWAPPING to +2 shortbow of flaming.
  5961 | D:6      | 5961 ||| DROPPING +2 shortbow.
  6092 | D:6      | Reached * piety under Okawaru
  6109 | D:6      | HP: 6/46 [orc warrior/+0 war axe (14)]
  6111 | D:6      | Mangled by an orc warrior

Levels and vault maps discovered:
D:1:      dpeg_arrival_court, layout_rooms,
          hellmonk_ecumenical_altar_inner_sanctum, serial_curves,
          eino_curves_01, eino_curves_03, eino_curves_04, eino_curves_01,
          minmay_tetromino_l4
D:2:      layout_loops_corners
D:3:      layout_basic, serial_shops, nicolae_shop_peninsula, shop, shop,
          uniq_terence, uniq_ijyb, uniq_robin, uniq_sigmund
D:4:      layout_rooms, tgw_trog, minitemple, serial_shops, nicolae_square_shop,
          enter_ossuary_5
D:5:      layout_loops_ring, mainiacjoe_overflow_alcove_1, serial_shops,
          nicolae_shop_tiny_glass, saegor_snake_ambush
D:6:      layout_loops_corners, old_standard_altar,
          minmay_temple_entry_proselytizer

Skill      XL: |  1  2  3  4  5  6  7  8 |
---------------+-------------------------+-----
Ranged Weapons | 6 7 9 10 12 14 | 14.0
Fighting       | 2 3 |  3.3
Dodging        | 3 4 |  4.2
Armour         | 1 2 |  2.0
Stealth        | |  1.2
Invocations    | |  0.3

Action                     |  1- 3 |  4- 6 |  7- 9 || total
---------------------------+-------+-------+-------++-------
   Fire: Shortbow          |   111 |   170 |   370 ||   651
    Use: Scroll            |     2 |     9 |     9 ||    20
         Potion            |       |     2 |     2 ||     4
 Armour: Leather armour    |    16 |       |       ||    16
         Ring mail         |    18 |    71 |   217 ||   306
  Dodge: Dodged            |    34 |    43 |   145 ||   222
  Block: Other             |       |       |     9 ||     9

Table legend:
 A = Non-vault XP
 B = Vault XP
 C = Vault XP percentage of total XP
 D = Non-vault monster count
 E = Vault monster count
 F = Vault count percentage of total count
                 A         B        C        D         E       F
            +---------+---------+-------+---------+---------+-------
      Total |    1638 |    1010 |  38.1 |     101 |      47 |  31.8
            +---------+---------+-------+---------+---------+-------
        D:1 |      64 |       4 |   5.9 |      21 |       2 |   8.7
        D:2 |      52 |       0 |   0.0 |      16 |       0 |   0.0
        D:3 |     154 |     323 |  67.7 |      20 |      15 |  42.9
        D:4 |     384 |       0 |   0.0 |      25 |       0 |   0.0
        D:5 |     398 |       2 |   0.5 |      10 |       2 |  16.7
        D:6 |     586 |      40 |   6.4 |       9 |       1 |  10.0
    Ossuary |       0 |     641 | 100.0 |       0 |      27 | 100.0
            +---------+---------+-------+---------+---------+-------
